 Dungeon Crawl Stone Soup version 0.27.0 (webtiles) character file.

Game seed: 933241431536574824

3395 xormask the Thaumaturge (level 10, -1/73 HPs)
             Began as a Djinni Fire Elementalist on July 31, 2021.
             Was a Priest of Dithmenos.
             Killed from afar by an electric eel (9 damage)
             ... with a bolt of electricity
             ... in a bailey.
             The game lasted 00:15:40 (11590 turns).

xormask the Thaumaturge (Djinni Fire Elementalist) Turns: 11590, Time: 00:15:41

Health: -1/73      AC:  3    Str: 13    XL:     10   Next: 24%
Gold:   305        EV: 14    Int: 20    God:    Dithmenos [***...] SH:  0 Dex: 14

rFire    + + .     SeeInvis .   b - +0 dagger
rCold    x . .     Faith    .   (no shield)
rNeg     . . .     Spirit   .   a - +0 robe
rPois    ∞         Reflect  .   (no helmet)
rElec    .         Harm     .   (no cloak)
rCorr    +         Rampage  .   f - +0 pair of gloves
Will     +....                  (boots unavailable)
Stlth    ++........             (no amulet)
HPRegen  0.22/turn              m - +6 ring of strength
MPRegen  0.00/turn              k - ring of resist corrosion

@: flying, very slightly contaminated, wreathed by umbra
A: sickness immunity, fire resistance 2, cold vulnerability 1, float, innate
caster, hp casting, extra vitality 1
a: Renounce Religion, Shadow Step


You were in a bailey.
You worshipped Dithmenos.
Dithmenos was most pleased with you.
You visited 1 branch of the dungeon, and saw 7 of its levels.
You also visited: Bailey.

You collected 305 gold pieces.

Inventory:

Hand Weapons
 b - a +0 dagger (weapon)
 x - a +0 whip of freezing
Armour
 a - a +0 robe (worn)
 f - a +0 pair of gloves (worn)
Jewellery
 k - a ring of resist corrosion (right hand)
 m - a +6 ring of strength (left hand)
 p - a +4 ring of evasion
 u - an amulet of reflection
 y - an amulet of the acrobat
Wands
 s - a wand of iceblast (17)
Scrolls
 d - a scroll of holy word {unknown}
 g - a scroll of teleportation {unknown}
 h - 3 scrolls of enchant weapon {unknown}
 i - 3 scrolls of identify {unknown}
 l - 3 scrolls of fear {unknown}
 o - 2 scrolls of brand weapon {unknown}
 q - a scroll of enchant armour {unknown}
 r - 3 scrolls of amnesia {unknown}
 t - 2 scrolls of magic mapping
 v - 2 scrolls of noise {unknown}
 w - a scroll of vulnerability {unknown}
Potions
 c - 2 potions of heal wounds {unknown}
 e - 4 potions of curing
 j - 2 potions of invisibility {unknown}
 n - 2 potions of flight {unknown}


   Skills:
 + Level 6.8 Fighting
 + Level 4.6 Armour
 + Level 5.6 Dodging
 - Level 1.5 Stealth
 * Level 8.0 Spellcasting


You had one spell level left.
You knew the following spells:

 Your Spells              Type           Power      Damage    Failure   Level
a - Foxfire               Conj/Fire      100%       2x1d9     1%          1
b - Conjure Flame         Conj/Fire      40%        6-21      1%          3
c - Inner Flame           Hex/Fire       40%        N/A       1%          3
d - Sticky Flame          Conj/Fire      40%        2d6       3%          4
e - Fireball              Conj/Fire      20%        3d10      9%          5
f - Summon Small Mammal   Summ           100%       N/A       1%          1
g - Passwall              Tmut/Erth      33%        N/A       1%          2
h - Ensorcelled Hibernat  Hex/Ice        80%        N/A       1%          2
i - Confusing Touch       Hex            40%        N/A       1%          3
Your spell library was empty.

Dungeon Overview and Level Annotations

Branches:
Dungeon (7/15)             Temple (0/1) D:4          Bailey (1/1)

Altars:
Dithmenos
Makhleb


Innate Abilities, Weirdness & Mutations

You are immune to sickness and miasma.
You are immune to poison.
Your flesh is very heat resistant. (rF++)
You are vulnerable to cold. (rC-)
You float through the air rather than walking.
You learn spells naturally, not from books.
Your magical power is your life essence.
You have superior vitality. (+4 HP)


Message History

Aiming: Fireball (dangerous; 10% risk of failure)
Press: ? - help, Shift-Dir - straight line The fireball explodes!
The fireball engulfs the soul eater.
The soul eater is lightly wounded.
The fireball engulfs the kobold demonologist!
The kobold demonologist is severely wounded.
* * * LOW HITPOINT WARNING * * *
The soul eater draws from the surrounding life force!
* * * LOW HITPOINT WARNING * * *
The soul eater is healed.
The soul eater disappears in a puff of smoke!
Casting: Fireball (dangerous; 10% risk of failure)
Confirm with . or Enter, or press ? or * to list all spells.
Okay, then.
Aiming: Iceblast
Press: ? - help, Shift-Dir - straight line, f - kobold demonologist
Aim: a kobold demonologist, wielding a +0 battleaxe and wearing a +0 scale mail (grey smoke, severely wounded, umbra)
The mass of ice explodes!
The iceblast engulfs the kobold demonologist!
You kill the kobold demonologist!
Dithmenos accepts your kill.
The ice devil disappears in a puff of smoke!
The iron imp disappears in a puff of smoke!
Your Spellcasting skill increases to level 8!
Casting: Fireball (dangerous; 9% risk of failure)
Confirm with . or Enter, or press ? or * to list all spells.
You conjure some foxfire!
* * * LOW HITPOINT WARNING * * *
The foxfire hits the goblin.
You kill the goblin!
Dithmenos accepts your kill.
An electric eel comes into view.
The electric eel shoots out a bolt of lightning at you!
The bolt of electricity hits you!
* * * LOW HITPOINT WARNING * * *
It was a potion of curing.
You feel better.
Your foxfire dissipates!
The electric eel shoots out a bolt of lightning at you!
The bolt of electricity hits you!
You die...

#≈≈≈≈≈# ##### #≈≈≈;≈#
#.... #≈≈≈≈≈# #.8.8
#≈≈≈≈≈######....
#≈≈≈§≈≈.#......#
######.≈≈§≈≈.#K4....#
#......≈≈§≈≈.#''#####
###......≈≈§≈).#.....#
#.....@....).).'.....#
#∩..∩.......§§.§..⌠..#
#..............'.....#
###......≈≈≈≈≈.#.....#
#......≈≈≈≈≈.#++####
######.≈≈≈≈≈.#
#≈≈≈≈≈≈.# #≈≈≈≈≈###
#≈≈≈≈≈#


You could see an electric eel.

Vanquished Creatures
  Pikel (D:6)
  A kobold demonologist (Bailey)
  Sigmund (D:2)
  Eustachio (D:5)
  Menkaure (D:6)
  A water moccasin (D:5)
  An ice beast (D:5)
  4 sky beasts
  2 orc warriors
  A black bear (D:7)
  A necrophage (D:4)
  2 lemures
  2 kobold brigands
  A bullfrog (D:6)
  A water moccasin zombie (D:6)
  2 scorpions
  A water moccasin skeleton (D:5)
  2 killer bees (D:7)
  An electric eel (Bailey)
  A howler monkey (D:4)
  A centaur zombie (D:6)
  2 bullfrog zombies (D:5)
  6 hounds
  2 bullfrog skeletons
  2 orc priests
  A gnoll shaman (D:4)
  Terence (D:2)
  2 iguanas
  A mummy (D:4)
  9 gnolls
  4 adders
  A shadow imp (D:6)
  A white imp (D:5)
  An ufetubus (D:5)
  An adder skeleton (D:4)
  4 dart slugs
  11 orcs
  9 ball pythons
  13 endoplasms
  2 giant cockroaches
  12 goblins
  8 hobgoblins
  4 jackals (D:1)
  4 quokkas
  9 bats
  2 frilled lizards
  A hobgoblin zombie (D:4)
  21 kobolds
  3 orc zombies (D:4)
  2 rats
168 creatures vanquished.

Vanquished Creatures (others)
  999 foxfires
999 creatures vanquished.

Grand Total: 1167 creatures vanquished

Notes
Turn   | Place    | Note
-------+----------+-------------------------------------------
     0 | D:1      | xormask the Djinni Fire Elementalist began the quest for
                  | the Orb.
     0 | D:1      | Reached XP level 1. HP: 15/15 MP: 0/0
     6 | D:1      | Noticed a killer bee
     6 | D:1      | Noticed an iguana
     6 | D:1      | Noticed a polar bear
     7 | D:1      | Noticed a swamp worm
   249 | D:1      | Reached XP level 2. HP: 20/22 MP: 0/0
   460 | D:1      | Reached skill level 1 in Fighting
   880 | D:1      | Reached XP level 3. HP: 24/27 MP: 0/0
   880 | D:1      | Learned a level 1 spell: Summon Small Mammal
   924 | D:1      | Reached skill level 3 in Spellcasting
  1326 | D:1      | Found a faded altar of an unknown god.
  1355 | D:1      | Became a worshipper of Dithmenos the Shadowed
  1355 | D:1      | Reached * piety under Dithmenos
  2046 | D:2      | Noticed Sigmund
  2058 | D:2      | Killed Sigmund
  2059 | D:2      | Reached skill level 4 in Spellcasting
  2059 | D:2      | Reached XP level 4. HP: 16/34 MP: 0/0
  2059 | D:2      | Reached XP level 5. HP: 19/40 MP: 0/0
  2059 | D:2      | Learned a level 2 spell: Passwall
  2059 | D:2      | Reached XP level 6. HP: 22/45 MP: 0/0
  2974 | D:2      | Noticed Terence
  2984 | D:2      | Killed Terence
  3202 | D:2      | Reached ** piety under Dithmenos
  4916 | D:4      | Reached XP level 7. HP: 47/50 MP: 0/0
  4916 | D:4      | Learned a level 2 spell: Ensorcelled Hibernation
  5025 | D:4      | Reached skill level 5 in Spellcasting
  5302 | D:4      | Reached *** piety under Dithmenos
  6218 | D:4      | Found a staircase to the Ecumenical Temple.
  6860 | D:5      | Entered Level 5 of the Dungeon
  6871 | D:5      | Reached XP level 8. HP: 51/58 MP: 0/0
  7131 | D:5      | Reached skill level 6 in Spellcasting
  7328 | D:5      | Reached skill level 1 in Armour
  7492 | D:5      | Reached skill level 5 in Fighting
  7779 | D:5      | Found a burning altar of Makhleb.
  8280 | D:5      | Found a shadowy altar of Dithmenos.
  9235 | D:6      | Reached XP level 9. HP: 60/65 MP: 0/0
  9235 | D:6      | Learned a level 3 spell: Confusing Touch
  9374 | D:6      | Noticed Menkaure
  9378 | D:6      | Killed Menkaure
  9591 | D:6      | Noticed Eustachio
  9905 | D:5      | Killed Eustachio
  9906 | D:5      | Reached skill level 7 in Spellcasting
 10474 | D:6      | Noticed Pikel
 10489 | D:6      | Killed Pikel
 10747 | D:7      | Reached skill level 5 in Dodging
 11006 | D:7      | Reached XP level 10. HP: 67/73 MP: 0/0
 11284 | D:7      | Found a flagged portal.
 11333 | Bailey   | Entered a bailey
 11561 | Bailey   | Found an iron altar of Okawaru.
 11561 | Bailey   | Noticed an orc high priest
 11561 | Bailey   | Noticed a kobold demonologist
 11573 | Bailey   | Noticed a soul eater
 11575 | Bailey   | Noticed an ice devil
 11585 | Bailey   | Killed a kobold demonologist
 11586 | Bailey   | Reached skill level 8 in Spellcasting
 11589 | Bailey   | HP: 2/73 [electric eel/bolt of electricity (9)]
 11590 | Bailey   | Killed from afar by an electric eel

Illustrated notes

Levels and vault maps discovered:
D:1:      onia_arrival_zoo_common, layout_basic,
          dreamdust_ecumenical_altar_statues, minmay_pentomino_x4
D:2:      layout_loops_corners, uniq_terence, uniq_sigmund
D:3:      layout_basic, serial_glass, glass_columns_a, glass_columns_c,
          minmay_puff
D:4:      layout_basic, minmay_temple_entry_trees, minmay_door_square,
          minmay_mini_ossuary
D:5:      layout_layer_cave, chequers_serial_rivers_micro_c, minivault_19,
          hangedman_feature_mirror
D:6:      layout_rooms, uniq_eustachio, uniq_pikel, uniq_menkaure
D:7:      layout_loops_ring, enter_bailey_3, hangedman_decor_points,
          serial_park_tiny_2
Bailey:   bailey_axe_of_yendor_kennysheep, bailey

Skill      XL: |  1  2  3  4  5  6  7  8  9 10 |
---------------+-------------------------------+-----
Fighting       | 1 2 3 4 5 6 |  6.8
Spellcasting   | 4 5 6 7 8 |  8.0
Armour         | 2 4 |  4.6
Dodging        | 3 5 |  5.6
Stealth        | |  1.5

Action                   |  1- 3 |  4- 6 |  7- 9 | 10-12 || total
-------------------------+-------+-------+-------+-------++-------
Melee: Dagger            |       |     6 |     3 |       ||     9
 Cast: Foxfire           |   114 |   169 |   356 |    38 ||   677
       Ensorcelled Hiber |       |       |     3 |       ||     3
       Conjure Flame     |       |       |    12 |     7 ||    19
       Sticky Flame      |       |       |     2 |     1 ||     3
       Fireball          |       |       |       |     2 ||     2
Evoke: Wand              |       |       |       |     1 ||     1
  Use: Scroll            |       |       |     1 |       ||     1
       Potion            |       |       |       |     1 ||     1
 Stab: Sleeping          |       |       |     1 |       ||     1
Armor: Robe              |     6 |     7 |    14 |     2 ||    29
Dodge: Dodged            |    14 |    31 |    48 |     9 ||   102
